Cogmind - Beta 9.4 @@@ ROGUE MODE // 2020.02.09 @ 01:43:55 Player: Sineso Result: Self-destructed Performance ------------- Evolutions (1) 500 Regions Visited (2) 400 Robots Destroyed (7) 35 Value Destroyed (264) 264 Prototype IDs (0) 0 Alien Tech Used (0) 0 Bonus (0) 0 TOTAL SCORE: 1199 Bonus ------- None Cogmind --------- Core Integrity 317/400 Matter 210/300 Energy 30/100 System Corruption 0% Temperature Cool (6) Movement Hovering (60) Location -9/Materials Parts ------- > --- POWER (1) -------- (None) > --- PROPULSION (3) --- Hover Unit > --- UTILITY (3) ------ Small Storage Unit Improved Sensor Array ECM Suite > --- WEAPON (2) ------- (None) > --- INVENTORY (6) ---- Hover Unit Hover Unit Weight Redist. System Sensor Array Beam Rifle Peak State ------------ > --- POWER ------------ Light Nuclear Core > --- PROPULSION ------- Aluminum Leg Aluminum Leg > --- UTILITY ---------- Small Storage Unit > --- WEAPON ----------- Medium Laser Particle Gun > --- INVENTORY -------- Light Ion Engine Aluminum Leg Sensor Array EM Pulse Gun Mining Laser Mining Laser [Rating: 9] Favorites ----------- Power Light Ion Engine Engine Light Ion Engine Power Core Light Nuclear Core Propulsion Hover Unit Leg Aluminum Leg Hover Unit Hover Unit Utility Small Storage Unit Device ECM Suite Storage Small Storage Unit Weapon Mining Laser Energy Gun Small Laser Ballistic Gun Assault Rifle Special Weapon Mining Laser Build | -11 -10 -9 ------- Run | Scr Mat Mat Slots Evolved 2 | . . 2 Power . | . . . Propulsion 1 | . . 1 Utility 1 | . . 1 Weapon . | . . . Parts Attached 27 | 6 10 11 Power 4 | 1 2 1 Engine 3 | 1 1 1 Core 1 | . 1 . Reactor . | . . . Propulsion 8 | 2 2 4 Treads . | . . . Leg 5 | 2 2 1 Wheel . | . . . Hover 3 | . . 3 Flight . | . . . Utility 4 | 1 1 2 Device 3 | . 1 2 Storage 1 | 1 . . Processor . | . . . Hackware . | . . . Protection . | . . . Artifact . | . . . Weapon 11 | 2 5 4 Energy Gun 6 | 1 4 1 Energy Cannon . | . . . Ballistic Gun 1 | 1 . . Ballistic Cannon . | . . . Launcher . | . . . Special Weapon 4 | . 1 3 Impact Weapon . | . . . Slashing Weapon . | . . . Piercing Weapon . | . . . Special Melee Weapon . | . . . Unidentified Prototypes . | . . . Parts Lost 7 | . 3 4 Power 1 | . . 1 Propulsion 1 | . . 1 Utility . | . . . Weapon 5 | . 3 2 Highest Loss Streak 4 | . 2 4 Average Slot Usage (%) 83 | . 87 81 Engine 10 | . 11 10 Leg 10 | . 28 2 Hover 15 | . . 22 Device 15 | . 2 21 Storage 11 | . 14 11 Energy Gun 9 | . 22 3 Ballistic Gun 1 | . 4 . Special Weapon 7 | . . 10 Naked Turns . | . . . Heaviest Build 14 | 11 14 11 Greatest Support 30 | 20 20 30 Greatest Overweight (x) 1 | . 1 1 Average Overweight (x) . | . . . Largest Inventory Capacity 6 | 6 6 6 Average Capacity 5 | 5 6 6 Most Carried 6 | 4 6 6 Average Carried 5 | 2 5 5 Final Capacity 6 | 6 6 6 Final Carried 6 | 2 6 5 Class Distribution -------------------- 85% | Mutant 14% | Scavenger-Mutant Dominant Class ---------------- Mutant | -10/Materials Mutant | -9/Materials Resources | -11 -10 -9 ----------- Run | Scr Mat Mat Matter Collected 371 | 163 208 . Remotely . | . . . Salvage Created 303 | . 303 . Parts 16 | . 16 . Haulers Intercepted . | . . . Recyclers Shooed 1 | . 1 . Parts Field Recycled . | . . . Retrieved Matter . | . . . Parts Self-Destructed . | . . . Prevented . | . . . Kills | -11 -10 -9 ------- Run | Scr Mat Mat Combat Hostiles Destroyed 7 | . 7 . Guns 7 | . 7 . Classes Destroyed 1 | . 1 . Grunt 7 | . 7 . Best Kill Streak 2 | . 2 . Combat Bots Only 2 | . 2 . Max Kills in Single Turn 1 | . 1 . Gunslinging . | . . . Exploded . | . . . Melee . | . . . Uniques/NPCs Destroyed . | . . . Combat | -11 -10 -9 -------- Run | Scr Mat Mat Damage Taken 819 | . 575 244 Core 199 | . 116 83 Absorbed by Shields . | . . . Core Remaining (%) 76 | 100 53 . Volleys Fired 52 | . 23 29 Largest 2 | . 2 1 Hottest 115 | . 115 100 Shots Fired 71 | . 42 29 Gun 42 | . 42 . Cannon . | . . . Launcher . | . . . Special 29 | . . 29 Kinetic 7 | . 7 . Thermal 58 | . 29 29 Explosive . | . . . Electromagnetic 6 | . 6 . Robot Hit Streak 11 | . 11 . Robot Miss Streak 2 | . 2 . Penetration Max . | . . . Secondary Targets 1 | . 1 . Max Gunslinging Chain 1 | . 1 . Shots Hit Robots 32 | . 32 . Core Hits 13 | . 13 . Critical Hits . | . . . Critical Kills . | . . . Critical Parts Destroyed . | . . . Melee Attacks . | . . . Impact . | . . . Slashing . | . . . Piercing . | . . . Sneak Attacks . | . . . Combat Hostiles . | . . . Follow-up Attacks . | . . . Damage Inflicted 463 | . 463 . Guns 463 | . 463 . Cannons . | . . . Explosions . | . . . Melee . | . . . Ramming . | . . . Kinetic 77 | . 77 . Thermal 334 | . 334 . Explosive . | . . . Electromagnetic 52 | . 52 . Impact . | . . . Slashing . | . . . Piercing . | . . . Highest Corruption . | . . . Average Corruption . | . . . Corruption Purged . | . . . Overload Shots . | . . . Overflow Damage . | . . . Projectiles . | . . . Explosions . | . . . Melee . | . . . Knockbacks . | . . . Impact . | . . . Kinetic . | . . . Secondary . | . . . Self-Inflicted Damage . | . . . Shots . | . . . Rammed . | . . . Targets Rammed . | . . . Kicked . | . . . Crushed . | . . . Highest Temperature 322 | . 322 32 Average Temperature 57 | . 106 11 Received Heat Transfer 444 | . 321 123 Effects 2 | . 2 . Energy Bleed 1 | . 1 . Interference 1 | . 1 . Siege Activations . | . . . Robots Corrupted . | . . . Combat Hostiles . | . . . Parts Fried . | . . . Impact Corruptions . | . . . Robots Melted . | . . . Combat Hostiles . | . . . Parts Melted . | . . . Heat Transferred 852 | . 852 . Parts Sabotaged . | . . . Parts Stolen . | . . . Parts Stripped . | . . . Power Chain Reactions . | . . . Missiles Intercepted . | . . . Alert | -11 -10 -9 ------- Run | Scr Mat Mat Peak Influence 175 | . 175 69 Average Influence 64 | . 95 55 Maximum Alert Level . | . . . Low Security (%) 100 | 100 100 100 Level 1 . | . . . Level 2 . | . . . Level 3 . | . . . Level 4 . | . . . Level 5 . | . . . High Security . | . . . Max Security . | . . . Squads Dispatched 5 | . 3 2 Investigation . | . . . Extermination . | . . . Reinforcement 5 | . 3 2 Assault . | . . . Garrison . | . . . Intercept . | . . . Construction Impeded . | . . . Haulers Reinforced . | . . . Stealth | -11 -10 -9 --------- Run | Scr Mat Mat Distress Signals 4 | . . 4 Communications Jammed . | . . . Distress Signals . | . . . Times Spotted 37 | . 12 25 Peak Tracking Total 16 | . 3 16 Tactical Retreats 5 | . 1 4 Traps | -11 -10 -9 ------- Run | Scr Mat Mat Traps Triggered . | . . . Indirectly . | . . . Trap Hack Attempts . | . . . Triggered . | . . . Disarmed . | . . . Reprogrammed . | . . . Reused . | . . . Traps Extracted . | . . . Installed . | . . . Triggered . | . . . Machines | -11 -10 -9 ---------- Run | Scr Mat Mat Machines Disabled . | . . . Max in Single Turn . | . . . Machines Sabotaged . | . . . Garrisons Compromised . | . . . Overloaded Fab Kills . | . . . Fab Network Shutdowns . | . . . Hacking | -11 -10 -9 --------- Run | Scr Mat Mat Machines Accessed . | . . . Terminals . | . . . Fabricators . | . . . Repair Stations . | . . . Recycling Units . | . . . Scanalyzers . | . . . Garrison Access . | . . . Total Hacks . | . . . Successful . | . . . Failed . | . . . Catastrophic . | . . . Database Lockouts . | . . . Manual . | . . . Terminals . | . . . Fabricators . | . . . Repair Stations . | . . . Recycling Units . | . . . Scanalyzers . | . . . Garrison Access . | . . . Terminal Hacks . | . . . Fabricator Hacks . | . . . Repair Station Hacks . | . . . Recycling Unit Hacks . | . . . Scanalyzer . | . . . Garrison Access Hacks . | . . . Unauthorized Hacks . | . . . Terminals . | . . . Fabricators . | . . . Repair Stations . | . . . Recycling Units . | . . . Scanalyzers . | . . . Garrison Access . | . . . Data Cores Recovered . | . . . Used . | . . . Hacking Detections . | . . . Full Trace Events . | . . . Feedback Events . | . . . Feedback Blocked . | . . . Robot Schematics Acquired . | . . . Robots Built . | . . . Matter . | . . . Time . | . . . Total Robot Build Rating . | . . . Part Schematics Acquired . | . . . Parts Built . | . . . Matter . | . . . Time . | . . . Total Part Build Rating . | . . . Parts Repaired . | . . . Time . | . . . Parts Recycled . | . . . Recycled Matter . | . . . Retrieved Matter . | . . . Retrieved Components . | . . . Parts Scanalyzed . | . . . Part Schematics Acquired . | . . . Parts Damaged . | . . . Bothacking | -11 -10 -9 ------------ Run | Scr Mat Mat Used RIF Installer . | . . . Robots Hacked . | . . . Non-combat . | . . . Combat . | . . . Robot Hacks Applied . | . . . Relay Couplers Released . | . . . Robots Rewired . | . . . Allies Hacked . | . . . Hacks Repelled . | . . . Allies | -11 -10 -9 -------- Run | Scr Mat Mat Total Allies . | . . . Largest Group . | . . . Highest-Rated Group . | . . . Highest-Rated Ally . | . . . Total Orders . | . . . Ally Attacks . | . . . Total Damage . | . . . Kills . | . . . Allies Corrupted . | . . . Allies Melted . | . . . Intel | -11 -10 -9 ------- Run | Scr Mat Mat Robot Analysis Total . | . . . Derelict Logs Recovered . | . . . Drone Launches . | . . . Drone Recoveries . | . . . Exploration | -11 -10 -9 ------------- Run | Scr Mat Mat Turns Passed 1013 | 60 305 648 Spaces Moved 666 | 53 149 464 Core 23 | 23 . . Treads . | . . . Legs 200 | 30 149 21 Wheels . | . . . Hover 443 | . . 443 Flight . | . . . Fastest Speed 50 | 50 120 52 Average Speed 75 | 89 120 59 Slowest Speed 150 | 120 150 140 Overloaded Moves . | . . . Propulsion Burnouts . | . . . Robots Hopped . | . . . Cave-ins Triggered . | . . . Exploration Rate (%) 20 | 4 30 27 Regions Visited 2 Branch Regions . Pre-discovered Areas . | . . . Known Exits Taken . | . . . Unknown Exits Taken 2 | 1 1 . Scrap Searched . | . . . Spaces Dug 29 | . . 29 Terrain Destroyed 29 | . . 29 Melee . | . . . Projectile 29 | . . 29 AOE . | . . . Actions | -11 -10 -9 --------- Run | Scr Mat Mat Total 1049 | 64 232 753 Wait 271 | . 41 230 Move 664 | 52 148 464 Hop . | . . . Pick Up 19 | 6 5 8 Fast Attach 7 | 2 4 1 Attach 10 | 4 1 5 Detach 1 | . . 1 Swap 10 | . 5 5 Drop 15 | . 5 10 Fire 52 | . 23 29 Melee . | . . . Ram . | . . . Kick . | . . . Crush . | . . . Escape Stasis . | . . . Rewire . | . . . Trap . | . . . Miscellaneous . | . . . Route ------- -11/Scrapyard -10/Materials -9/Materials History --------- Turn | Location | Event 9 | -11/Scrapyard | Discovered new exit (range 14) 61 | -11/Scrapyard | Entered Materials 346 | -10/Materials | Discovered new exit (range 15) 366 | -10/Materials | Entered another Materials area 366 | -9/Materials | Evolved 2 slots: Propulsion x1, Utility x1 656 | -9/Materials | Build established: Mutant 1014 | -9/Materials | Self-destructed Last Messages --------------- 00616_ Dropped Sensor Array. 00623_ U-05 Engineer builds a Wall. 00637_ R-06 Scavenger collects Sensor Array. 00638_ U-05 Engineer builds a Wall. 00728_ K-01 Serf collects debris. 00731_ U-05 Engineer builds a Wall. 00770_ ALERT: Hostiles spotted, dispatching reinforcements to Terminal M009. 00771_ W-16 Scout sends out distress signal. 00920_ Dropped Aluminum Leg. 00923_ Acquired Weight Redist. System. 00926_ ALERT: Hostiles spotted, dispatching reinforcements to Terminal M007. 00930_ U-05 Engineer builds a Wall. 00931_ R-06 Scavenger collects Aluminum Leg. 00938_ U-05 Engineer builds a Wall. 00981_ Mining Laser destroyed. 00983_ Lgt. Ion Engine destroyed. 01009_ Hover Unit destroyed. 01014_ Mining Laser destroyed. Map ----- +----------------------------------------------------+ | # / #??????????????????????? | | # ] = ] # #??????????????????????? | | # [! # #??????????????????????? | | ############ ######## #??????????????????????? | | ############ #??????????+??????????????????????? | | #?????????????????????????????????? | | #?????????????????????????????????? | | #?????????????????????????????????? | | ############ #?????????????????????????????????? | | #????????# #?????????????????????????????????? | | #????????# #?????????????????????????????????? | | " ########## #?????????????????????????????????? | | " # ## #?????????????????????????????????? | | " # ## #?????????????????????????????????? | | # ## ##????????????????????????????????? | | # """ # #????????????????????????????????? | | # """ # #????????????????????????????????? | | ### """ + +????????????????????????????????? | | ??# # #????????????????????????????????? | | ??# """ # #????????????????????????????????? | | ### """ ## #?????????????????????????????????? | | + """ ## ###########???????????????????????? | | # ## # #???????????????????????? | | ########## + """g"""Y#???????????????????????? | | # """ """g##??????????????????????? | | # """ """ @#??????????????????????? | | # """g"""g##??????????????????????? | | ########/####### """Y"""g#???????????????????????? | | ???# ### g #???????????????????????? | | ???# "## #???????????????????????? | | ???# #############???????????????????????? | | ???# """ """ #???????????????????????????????????? | | ???# """ """ #???????????????????????????????????? | | ???# """ """ #???????????????????????????????????? | | ???# #???????????????????????????????????? | | ???# #???????????????????????????????????? | | ???#######"###???????????????????????????????????? | | ?????????###?????????????????????????????????????? | | ?????????????????????????????????????????????????? | | ?????????????????????????????????????????????????? | | ?????????????????????????????????????????????????? | | ?????????????????????????????????????????????????? | | ?????????????????????????????????????????????????? | | ?????????????????????????????????????????????????? | | | | | | | | | | | | | +----------------------------------------------------+ Best States ------------- Heat Dissipation 28 Energy Generation 14 Energy Capacity 160 Matter Stores 300 Matter Capacity 300 Sight Range 16 Robot Scan Range 13 Terrain Scan Density 10 ECM Strength 1 Evasion (%) 54 Item Schematics ----------------- None Robot Schematics ------------------ None Fabricated ------------ Nothing Alien Tech Used ----------------- None Achievements -------------- None Challenges ------------ None Game ------ Seed KineticFissionLaser Manual? 0 Play Time 00:19:28 Cumulative 21.2 hours Start 2020.02.09 @ 01:24:46 End 2020.02.09 @ 01:43:55 Sessions 1 Manual Loads 0 Difficulty Rogue Special Mode None Game No. 27 Rogue 27 Adventurer 0 Explorer 0 Win Type - Total 0 Types 0/0/0/0/0/0/0 Lore% 7 Gallery% 21 Achievement% 16 Wizard Run 0 Options --------- ASCII 0 Keyboard 0 Movement Mouse Keybinds 0 Fullscreen 1 Font 18/SmallcapsGlow Map View 76x50 Tactical HUD 1 Map Filters NONE Filters NONE Steam 1 RUN: b23530b1-b54a-47dd-badc-5ad5bbcdbe66